 Dungeon Crawl Stone Soup version 0.19-a0-854-gc78d25d (webtiles) character file.

870 Implojin the Grappler (level 7, -1/66 HPs)
             Began as a Troll Fighter on July 1, 2016.
             Slain by a howler monkey (3 damage)
             ... on level 9 of the Dungeon.
             The game lasted 00:04:13 (843 turns).

Implojin the Grappler (Troll Fighter)                Turns: 843, Time: 00:04:14

Health: -1/66      AC:  5    Str: 25    XL:     7   Next: 73%
Magic:  6/6        EV:  8    Int:  4    God:
Gold:   0          SH:  9    Dex: 11    Spells: 0 memorised, 6 levels left

rFire  . . .     SeeInvis .       - Unarmed
rCold  . . .     Gourm    +     a - +0 robe
rNeg   . . .     Faith    .     b - +0 shield
rPois  .         Spirit   .     (helmet restricted)
rElec  .         Dismiss  .     (no cloak)
rCorr  .         Reflect  .     (gloves unavailable)
SustAt .         Harm     .     (boots unavailable)
MR     .....                    (no amulet)
Stlth  +.........               (no ring)
                                (no ring)

@: slowed, very slow, not resistant to hostile enchantments, very unstealthy
A: unfitting armour, claws 3, fast metabolism 3, gourmand, regeneration 2,
shaggy fur 1, tough skin 2
a: no special abilities


You were on level 9 of the Dungeon.
You were very hungry.

You visited 2 branches of the dungeon, and saw 10 of its levels.

Inventory:

Armour
 a - a +0 robe (worn)
 b - a +0 shield (worn)
Wands
 j - a wand of confusion (28/48)
Scrolls
 c - 3 scrolls of teleportation {unknown}
 e - 4 scrolls of random uselessness {unknown}
 g - a scroll of magic mapping {unknown}
 h - 2 scrolls of noise {unknown}
 k - 4 scrolls of identify {unknown}
 l - a scroll of fog {unknown}
 m - 2 scrolls of remove curse {unknown}
 q - a scroll of recharging {unknown}
Potions
 n - a potion of ambrosia {unknown}
 p - a potion of haste {unknown}
Comestibles
 d - 4 bread rations
 f - a royal jelly
 o - a meat ration


   Skills:
 - Level 2.4 Fighting
 - Level 2.4 Dodging
 - Level 2.4 Shields
 * Level 9.1 Unarmed Combat


You had 6 spell levels left.
You didn't know any spells.

Dungeon Overview and Level Annotations

Branches:
Dungeon (9/15)             Temple (1/1) D:5
   Lair: D:8-11         Orc: D:9-12

Altars:
Elyvilon
Fedhas
Gozag
Kikubaaqudgha
Nemelex Xobeh
Pakellas
Qazlal
Ru
Sif Muna
Trog
Uskayaw
Xom
The Shining One

Shops:
D:4 (   D:6 *


Innate Abilities, Weirdness & Mutations

You are too large for most types of armour.
You have claws for hands.
Your metabolism is lightning-fast.
You like to eat raw meat.
You heal very quickly.
You are covered in fur. (AC +1)
You have very tough skin. (AC +2)


Message History

The ogre is moderately wounded.
You are feeling very hungry.
The ogre hits you with a giant spiked club!
* * * LOW HITPOINT WARNING * * *
Unknown command.
Your shield prevents you from hitting the ogre.
The ogre is moderately wounded.
The orc wizard gestures wildly while chanting.
The orc wizard blinks!
You block the ogre's attack.
You scratch the ogre.
The ogre is moderately wounded.
The ogre hits you with a giant spiked club!
* * * LOW HITPOINT WARNING * * *
The howler monkey hoots and howls with incredible vigour!
Unknown command.
Okay, then.
You scratch the ogre.
The ogre is heavily wounded.
The ogre closely misses you.
The howler monkey hoots and howls with incredible vigour!
The orc wizard casts a spell.
The orc wizard blinks!
You scratch the ogre but do no damage.
The ogre is heavily wounded.
You block the ogre's attack.
You mangle the ogre!!
You kill the ogre!
Your Unarmed Combat skill increases to level 9!
The howler monkey hits you.
* * * LOW HITPOINT WARNING * * *
Unknown command.
You claw the howler monkey!
The howler monkey is heavily wounded.
You block the howler monkey's attack.
You claw the howler monkey!
The howler monkey is almost dead.
The howler monkey hits you.
* * * LOW HITPOINT WARNING * * *
The howler monkey hits you.
You die...

.. .. #.#.
..##.#.##
.......# .
..>..#.# ..
#....# #
#.##....###.#
#
.#......oh@..#
...
........o#####
#...#####..##
#...)<..#
#.####..# #
#..# #..# #...
#O###


You could see a howler monkey, an orc wizard and an orc.

Vanquished Creatures
  A wyvern (D:9)
  An orc warrior (D:9)
  An ice beast (D:5)
  An ogre (D:9)
  3 wights (D:7)
  A howler monkey (D:9)
  2 crimson imps (D:5)
  An orc priest (D:9)
  4 hounds
  An iguana (D:4)
  3 gnolls (D:9)
  An adder (D:4)
  A worm (D:6)
  2 bats (D:1)
  3 giant cockroaches
  4 jackals (D:6)
  2 quokkas
  A ball python (D:2)
  2 giant newts
  A kobold (D:1)
  2 rats
38 creatures vanquished.

Notes
Turn   | Place    | Note
-------+----------+-------------------------------------------
     0 | D:1      | Implojin the Troll Fighter began the quest for the Orb.
     0 | D:1      | Reached XP level 1. HP: 22/22 MP: 0/0
   178 | D:4      | Found Wamnail's Antique Weapon Shop.
   240 | D:4      | Noticed an iguana
   245 | D:4      | Killed an iguana
   245 | D:4      | Reached skill level 3 in Unarmed Combat
   245 | D:4      | Reached XP level 2. HP: 29/29 MP: 1/1
   245 | D:4      | Reached XP level 3. HP: 36/36 MP: 2/2
   310 | D:5      | Entered Level 5 of the Dungeon
   344 | D:5      | Reached skill level 4 in Unarmed Combat
   344 | D:5      | Reached XP level 4. HP: 44/44 MP: 3/3
   386 | D:7      | Reached skill level 5 in Unarmed Combat
   390 | D:7      | Reached XP level 5. HP: 50/50 MP: 4/4
   410 | D:5      | Reached skill level 6 in Unarmed Combat
   414 | D:5      | Reached XP level 6. HP: 58/59 MP: 5/5
   456 | D:5      | Noticed an ice beast
   460 | D:5      | Killed an ice beast
   460 | D:5      | Reached skill level 7 in Unarmed Combat
   503 | D:5      | Found a staircase to the Ecumenical Temple.
   513 | Temple   | Entered the Ecumenical Temple
   674 | D:6      | Found a deep blue altar of Sif Muna.
   716 | D:6      | Found a bloodstained altar of Trog.
   742 | D:6      | Found Zeriam's Assorted Antiques.
   752 | D:6      | Found a sparkling altar of Nemelex Xobeh.
   758 | D:6      | Found a glowing golden altar of the Shining One.
   800 | D:9      | Noticed an orc warrior
   808 | D:9      | Noticed a wyvern
   814 | D:9      | Killed a wyvern
   814 | D:9      | Reached skill level 8 in Unarmed Combat
   814 | D:9      | Reached XP level 7. HP: 45/66 MP: 6/6
   841 | D:9      | Reached skill level 9 in Unarmed Combat
   841 | D:9      | HP: 1/66 [howler monkey (5)]
   843 | D:9      | Slain by a howler monkey

Vault maps used:
D:1:      minmay_arrival_stone_box
D:2:      minmay_overflow_temple_star_hex, minivault_26,
          nemelex_spade_bored_becter
D:3:      nicolae_ashenzari_panopticon, first_bread
D:4:      marbit_many_paths, serial_shops, shop
D:6:      bloody_trog, kennysheep_little_box, okawaru_gym_becter,
          nemelex_xobeh_ov_fountains_minmay, led_sif_book, serial_column_ruins,
          column_ruins_hut, column_ruins_hut_ruined, column_ruins_open_small,
          column_ruins_corridor_plus, column_ruins_grid_3,
          column_ruins_open_tiny, column_ruins_open_small, serial_shops,
          nicolae_shop_overgrown_old_shop, minmay_fountain_box, glass_columns_b,
          kennysheep_generic_room_14
D:7:      kennysheep_orc_sif_temple, serial_shops, shop, uniq_duvessa,
          uniq_menkaure
D:8:      serial_shops, shop
D:9:      grunt_dithmenos_smoke_and_mirrors
Temple:   nicolae_temple_figure_zero

Skill      XL: |  1  2  3  4  5  6  7 |
---------------+----------------------+-----
Unarmed Combat | 3 4 5 6 8 9 |  9.1
Fighting       | |  2.4
Dodging        | |  2.4
Shields        | |  2.4

Action                   |  1- 3 |  4- 6 |  7- 9 || total
-------------------------+-------+-------+-------++-------
Melee: Unarmed           |    49 |    70 |    19 ||   138
  Use: Potion            |       |     1 |     1 ||     2
  Eat: Chunk             |       |     4 |       ||     4
Armor: Robe              |    17 |    25 |     3 ||    45
Dodge: Dodged            |    19 |    27 |     3 ||    49
Block: Shield            |    22 |    37 |     5 ||    64

Table legend:
 A = Turns spent in this place as a percentage of turns spent in the entire game.
 B = Non-inter-level travel turns spent in this place as a percentage of non-inter-level travel turns spent in the entire game.
 C = Inter-level travel turns spent in this place as a percentage of turns spent in this place.
 D = Turns resting spent in this place as a percentage of non-inter-level travel turns spent in this place.
 E = Turns spent auto-exploring this place as a percentage of non-inter-level travel turns spent in this place.
 F = Non-inter-level travel turns spent in this place divided by the number of levels of this place that you've seen.
                   A       B       C       D       E      F
               +-------+-------+-------+-------+-------+----------------------
         Total | 100.0 | 100.0 |   0.0 |   0.0 |   0.0 |  84.1
       Dungeon |  91.7 |  91.7 |   0.0 |   0.0 |   0.0 |  85.7
        Temple |   8.3 |   8.3 |   0.0 |   0.0 |   0.0 |  70.0
               +-------+-------+-------+-------+-------+----------------------

Table legend:
 A = Kills in this place as a percentage of kills in entire the game.
 B = Kills by you in this place as a percentage of kills by you in the entire game.
 C = Kills by friends in this place as a percentage of kills by friends in the entire game.
 D = Other kills in this place as a percentage of other kills in the entire game.
 E = Experience gained in this place as a percentage of experience gained in the entire game.
 F = Experience gained in this place divided by the number of levels of this place that you have seen.
                   A       B       C       D       E      F
               +-------+-------+-------+-------+-------+----------------------
         Total | 100.0 | 100.0 |  -nan |  -nan | 100.0 | 124.4
       Dungeon | 100.0 | 100.0 |  -nan |  -nan | 100.0 | 138.2
               +-------+-------+-------+-------+-------+----------------------
